 Dungeon Crawl Stone Soup version 0.28-a0-1412-gf95308ed99 (webtiles) character file.

Game seed: 12507734541533248712

26 Deminshera the Conjurer (level 3, -1/36 HPs)
             Began as a Human Conjurer on Jan 7, 2022.
             Succumbed to an adder's poison
             ... on level 2 of the Dungeon.
             The game lasted 00:01:45 (1757 turns).

Deminshera the Conjurer (Human Conjurer)            Turns: 1757, Time: 00:01:45

Health: -1/36      AC: 21    Str:  5 (7)  XL:     3   Next: 22%
Magic:  1/6        EV:  2    Int: 18 (20) God:
Gold:   23         SH:  0    Dex:  8 (11) Spells: 4/7 levels left

rFire   . . .      SeeInvis .   b - +4 short sword
rCold   . . .      Faith    .   (no shield)
rNeg    . . .      Spirit   .   (armour currently unavailable)
rPois   +          Reflect  .   (helmet currently unavailable)
rElec   .          Harm     .   (cloak currently unavailable)
rCorr   .          Rampage  .   (gloves currently unavailable)
Will    .....      NoTele   +   (boots currently unavailable)
Stlth   ++........              (no amulet)
HPRegen 0.12/turn               i - ring of flight
MPRegen 0.10/turn               (no ring)

@: lethally poisoned (-1 -> -7), tree-form
A: stationary, stasis, torment immunity, boosted hp
a: no special abilities


You were on level 2 of the Dungeon.
You were a tree.
You visited 1 branch of the dungeon, and saw 2 of its levels.

You collected 23 gold pieces.

Inventory:

Hand Weapons
 b - a +4 short sword (weapon)
Armour
 a - a +0 robe
 e - a +3 ring mail (melded)
Jewellery
 i - a ring of flight (left branch)
Scrolls
 c - a scroll of teleportation {unknown}
 d - 2 scrolls of identify {unknown}
 f - a scroll of blinking {unknown}


   Skills:
 + Level 0.4 Armour
 - Level 2.0 Dodging
 - Level 2.0 Stealth
 + Level 2.6 Spellcasting
 + Level 4.4 Conjurations


You had 4 spell levels left.
You knew the following spells:

 Your Spells              Type           Power      Damage    Failure   Level
a - Magic Dart            Conj           72%        1d6       2%          1
b - Searing Ray           Conj           36%        2d5       4%          2

Your spell library contained the following spells:

 Spells                   Type           Power      Damage    Failure   Level
 Dazzling Flash           Conj/Hex       20%        N/A       21%         3
 Fulminant Prism          Conj/Hex       5%         3d7       56%         4
 Iskenderun's Mystic Bla  Conj/Tloc      10%        2d4       56%         4


Dungeon Overview and Level Annotations

Branches:
Dungeon (2/15)

Altars:


Message History

The adder bites you.
You are poisoned.
The adder poisons you!
Without enough magic to sustain it, your searing ray dissipates.
You feel sick. The adder bites you but does no damage.
Your magical contamination has completely faded away.
You feel sick. The adder bites you.
You are more poisoned.
The adder poisons you!
You feel sick.
You feel sick.
You barely miss the adder.
The adder is heavily wounded.
You feel sick. The adder bites you.
You are lethally poisoned!
The adder poisons you! The adder barely misses you.
You closely miss the adder.
The adder is heavily wounded.
* * * LOW HITPOINT WARNING * * *
You feel sick. The adder bites you but does no damage.
You closely miss the adder.
The adder is heavily wounded.
* * * LOW HITPOINT WARNING * * *
You feel sick. The adder bites you.
* * * LOW HITPOINT WARNING * * *
You are more poisoned.
The adder poisons you! The adder bites you but does no damage.
It was a potion of lignification.
You turn into a tree.
Your +3 ring mail melds into your body.
Your roots penetrate the ground.
* * * LOW HITPOINT WARNING * * *
You feel very sick. The adder bites you but does no damage.
It was a potion of degeneration.
There was something very wrong with that liquid.
You feel weakened.
You feel dopey.
You feel clumsy.
* * * LOW HITPOINT WARNING * * *
You feel sick. The adder barely misses you.
You hit the adder.
The adder is severely wounded.
You die...

#.# #.# #.# #+#
#.# #.## #.#
######..### #.#
#.........### #.#
#.###.........
#.###.##.<....####
#.....S♣......#
#####.###.....#
#.# #.....# #.#
#...#.# #.#
#####.# #.. # ###


You could see an adder.

Vanquished Creatures
  5 bats (D:1)
  2 endoplasms (D:1)
  3 giant cockroaches (D:1)
  A goblin (D:1)
  2 hobgoblins (D:1)
  3 kobolds (D:1)
  3 ball pythons (D:1)
  2 frilled lizards (D:1)
  2 rats (D:1)
23 creatures vanquished.

Notes
Turn   | Place    | Note
-------+----------+-------------------------------------------
     0 | D:1      | Deminshera the Human Conjurer began the quest for the Orb.
     0 | D:1      | Reached XP level 1. HP: 13/13 MP: 3/3
   471 | D:1      | Reached XP level 2. HP: 19/19 MP: 3/5
   474 | D:1      | Learned a level 2 spell: Searing Ray
  1040 | D:1      | Reached XP level 3. HP: 24/24 MP: 2/6
  1511 | D:1      | Found a faded altar of an unknown god.
  1756 | D:2      | HP: 1/36 [poisoned by an adder]
  1757 | D:2      | Succumbed to an adder's poison

Illustrated notes

Levels and vault maps discovered:
D:1:      ncdulo_halloftheorcs, layout_rooms,
          dreamdust_ecumenical_altar_hidden_monk_grotto,
          minmay_tree_intersection, chequers_serial_rivers_small_3
D:2:      layout_loops_corners

Action                   || total
-------------------------++-------
Melee: Dagger            ||    20
       Short sword       ||     4
 Cast: Magic Dart        ||    44
       Searing Ray       ||     1
  Use: Potion            ||     2
Armor: Robe              ||     6
       Ring mail         ||    19
       Skin              ||     1
Dodge: Dodged            ||    23

Table legend: (Time is in decaauts)
 A = Elapsed time spent in this place.
 B = Non-inter-level travel time spent in this place.
 C = Inter-level travel time spent in this place.
 D = Time resting spent in this place.
 E = Time spent auto-exploring this place.
 F = Levels seen in this place.
 G = Mean time per level.
                   A        B        C        D        E       F      G
               +--------+--------+--------+--------+--------+-----+--------+
         Total |   1755 |   1732 |     23 |    973 |    579 |   2 |  877.5 |
       Dungeon |   1755 |   1732 |     23 |    973 |    579 |   2 |  877.5 |
               +--------+--------+--------+--------+--------+-----+--------+

Top non-repeatable levels by time:
     D:1: 1708 daAuts
     D:2: 47 daAuts
